 Dungeon Crawl Stone Soup version 0.22-a0-402-ga933591 (webtiles) character file.

20227 Mgcat the Destroyer (level 12, -3/89 HPs)
             Began as a Demonspawn Ice Elementalist on May 4, 2018.
             Was a High Priest of Sif Muna.
             Slain by a basilisk (8 damage)
             ... on level 3 of the Lair of Beasts on May 6, 2018.
             The game lasted 01:28:19 (16507 turns).

Mgcat the Destroyer (Demonspawn Ice Elementalist)  Turns: 16507, Time: 01:28:19

Health: -3/89      AC: 10    Str: 10    XL:     12   Next: 43%
Magic:  9/23       EV:  2    Int: 28    God:    Sif Muna [*****.]
Gold:   835        SH:  0    Dex: 13    Spells: 7/26 levels left

rFire    . . .     SeeInvis .   Q - +0 fustibalus
rCold    + + .     Gourm    .   T - +0 buckler
rNeg     + + +     Faith    .   P - +1 robe {rC+}
rPois    ∞         Spirit   .   S - +2 hat
rElec    .         Reflect  .   h - scarf {repulsion}
rCorr    .         Harm     .   F - +1 pair of gloves
MR       .....                  C - +2 pair of boots
Stlth    ++++......             L - amulet of magic regeneration
HPRegen  0.24/turn              G - +2 ring of intelligence
MPRegen  0.43/turn              W - ring of Shadows {Umbra +Inv Stlth+}

@: brilliant, petrified, wreathed by umbra, repel missiles
A: antennae 2, repulsion field 2, cold resistance 1, demonic guardian 1
a: Divine Energy, Channel Magic, Forget Spell, Renounce Religion, Evoke
Invisibility


You were on level 3 of the Lair of Beasts.
You worshipped Sif Muna.
Sif Muna was extremely pleased with you.
You were not hungry.

You visited 3 branches of the dungeon, and saw 15 of its levels.

You collected 835 gold pieces.

Inventory:

Hand Weapons
 b - the +9 short sword "Qetueq" {antimagic, MP-9 Str+3 Int+5 Dex+2}
   (You took it off a kobold on level 7 of the Dungeon)

   It reduces the magical energy of the wielder, and disrupts the spells and
   magical abilities of those hit.
   Natural abilities and divine invocations are not affected.
   It affects your strength (+3).
   It affects your intelligence (+5).
   It affects your dexterity (+2).
   It affects your magic capacity (-9).
 Q - a +0 fustibalus (weapon)
   (You took it off a kobold on level 9 of the Dungeon)
 Y - a +0 hunting sling of freezing
   (You found it on level 1 of the Lair of Beasts)
Missiles
 l - 43 sling bullets (quivered)
 O - 6 throwing nets {=f, !d}
Armour
 h - a scarf of repulsion (worn)
   (You found it on level 1 of the Dungeon)
 C - a +2 pair of boots (worn)
   (You found it on level 3 of the Dungeon)
 D - a +0 troll leather armour {regen}
   (You found it on level 7 of the Dungeon)
 F - a +1 pair of gloves (worn)
   (You found it on level 5 of the Dungeon)
 P - a +1 robe of cold resistance (worn)
   (You took it off a wight on level 9 of the Dungeon)
 S - a +2 hat (worn)
   (You found it on level 9 of the Dungeon)
 T - a +0 buckler (worn)
   (You took it off a gnoll sergeant on level 9 of the Dungeon)
Magical Staves
 o - an uncursed staff of conjuration {!a}
   (You found it on level 9 of the Dungeon)
Jewellery
 e - an uncursed ring of poison resistance {rPois, !d}
   (You found it on level 4 of the Dungeon)
 k - an uncursed ring of resist corrosion
   (You found it on level 5 of the Dungeon)
 A - a +2 ring of evasion
   (You found it on level 4 of the Dungeon)
 G - a +2 ring of intelligence (left hand)
   (You found it on level 7 of the Dungeon)
 H - an uncursed ring of ice {rC+, rF-}
   (You found it on level 6 of the Dungeon)
 L - an amulet of magic regeneration (around neck)
   (You found it on level 8 of the Dungeon)
 R - an uncursed amulet of faith {Faith, !P}
   (You found it on level 9 of the Dungeon)
 W - the ring of Shadows (right hand) {Umbra +Inv Stlth+}
   (You took it off a centaur on level 11 of the Dungeon)

   [ring of stealth]

   It lets you turn invisible.
   It makes you more stealthy.
Wands
 m - a wand of clouds (4)
   (You found it on level 9 of the Dungeon)
 v - a wand of digging (26)
   (You took it off Ijyb on level 3 of the Dungeon)
 V - a wand of iceblast (29)
   (You found it on level 10 of the Dungeon)
Scrolls
 a - a scroll of identify
 g - 4 scrolls of teleportation
 r - 2 scrolls of magic mapping {!r}
 t - 2 scrolls of remove curse
Potions
 i - 3 potions of agility
 j - a potion of invisibility
 n - 2 potions of might
 p - 2 potions of mutation {!q}
 q - 3 potions of magic
 u - 3 potions of cancellation
 w - a potion of lignification {!q}
 x - 2 potions of haste {unknown}
 z - 2 potions of brilliance
 B - 4 potions of curing
Miscellaneous
 f - a fan of gales
   (You found it on level 1 of the Lair of Beasts)
Comestibles
 c - 23 rations
 d - 12 chunks of flesh {@w0}


   Skills:
 + Level 6.4 Fighting
 + Level 5.9 Slings
 + Level 3.6 Dodging
 - Level 1.7 Stealth
 - Level 4.0 Shields
 + Level 7.6 Spellcasting
 + Level 9.3 Conjurations
 + Level 2.9 Hexes
 - Level 5.0 Charms
 - Level 5.0 Summonings
 + Level 9.2 Ice Magic
 + Level 3.2 Evocations


You had 7 spell levels left.
You knew the following spells:

 Your Spells              Type           Power        Failure   Level  Hunger
a - Freeze                Ice            ####         1%          1    None
b - Throw Frost           Conj/Ice       ######       1%          2    None
c - Ozocubu's Armour      Chrm/Ice       ######..     1%          3    None
d - Throw Icicle          Conj/Ice       ######..     1%          4    ##.....
e - Summon Ice Beast      Ice/Summ       ######..     1%          4    ##.....
f - Metabolic Englaciati  Hex/Ice        ######....   1%          5    ####...


Dungeon Overview and Level Annotations

Branches:
Dungeon (11/15)            Temple (1/1) D:4            Lair (3/6) D:11
    Orc (0/2) D:10
  Swamp: Lair:2-4    Shoals: Lair:2-4     Snake: Lair:2-4    Spider: Lair:2-4

Altars:
Gozag
Kikubaaqudgha
Nemelex Xobeh
Ru
Sif Muna
Trog
Uskayaw
Vehumet
Wu Jian
Yredelemnul
Zin

Shops:
D:9 (

Annotations:
D:10 1 exclusion, Erolcha


Innate Abilities, Weirdness & Mutations

You have a pair of antennae on your head.
You are surrounded by a moderate repulsion field. (EV +3)
Your flesh is cold resistant. (rC+)
A weak demonic guardian rushes to your aid.


Message History

Aiming: Throw Icicle (safe; 1% risk of failure)
Press: ? - help, Shift-Dir - straight line, f/p - rime drake
Aim: a rime drake (heavily wounded, catching its breath, umbra)
The shard of ice hits the rime drake.
The rime drake partially resists.
You kill the rime drake!
Sif Muna accepts your kill.
The steam dragon hisses angrily.
The ice encasing you melts away. The rime drake closely misses you.
Your icy armour cracks and falls away as you move.
Okay, then.
As you read the scroll of fear, it crumbles to dust.
You assume a fearsome visage.
Your white imp is unaffected.
The rime drake looks frightened! x2; The steam dragon looks frightened!
The rime drake resists with some effort.
The steam dragon breathes steam at you. The ball of steam hits you!
* * * LOW HITPOINT WARNING * * *
The rime drake bites you.
* * * LOW HITPOINT WARNING * * *
Your white imp gestures at the rime drake.
The puff of frost hits the rime drake.
The rime drake resists.
You hear an angry hiss.
The rime drake is engulfed in a cloud of scalding steam.
The rime drake bites you but does no damage.
Your white imp barely misses the rime drake.
Your white imp closely misses the rime drake.
Your white imp gestures at the rime drake.
The puff of frost hits the rime drake.
The rime drake resists.
Your white imp is engulfed in a cloud of scalding steam.
The rime drake breathes ice at you.
The flash freeze is repelled.
Your white imp gestures at the rime drake.
The puff of frost hits the rime drake.
The rime drake resists.
The rime drake breathes ice at you.
The flash freeze is repelled.
A basilisk comes into view.
Something closely misses your quasit.
Something bites your quasit but does no damage.
The basilisk gazes at you. You resist with some effort.
The basilisk gazes at you. You resist with some effort.
The basilisk gazes at you. You resist with some effort.
The flash freeze hits your white imp.
Your white imp partially resists.
Your white imp dies!
The rime drake breathes ice at you.
The flash freeze is repelled.
The flash freeze hits the basilisk.
The basilisk is flash-frozen.
Casting: Throw Icicle (safe; 1% risk of failure)
Confirm with . or Enter, or press ? or * to list all spells.
Aiming: Freeze (safe; 1% risk of failure)
Press: ? - help, Shift-Dir - straight line, f - basilisk
Aim: a basilisk (severely wounded, encased in ice, umbra)
You freeze the basilisk.
The basilisk is severely wounded.
The basilisk gazes at you.
You are slowing down.
Unknown command.
Unknown command.
Unknown command.
Casting: Freeze (safe; 1% risk of failure)
Confirm with . or Enter, or press ? or * to list all spells.
Aiming: Freeze (safe; 1% risk of failure)
Press: ? - help, Shift-Dir - straight line, f/p - basilisk
Aim: a basilisk (severely wounded, encased in ice, umbra)
You freeze the basilisk.
The basilisk is almost dead.
The basilisk hisses menacingly.
The basilisk closely misses you.
Your limbs are stiffening.
Casting: Freeze (safe; 1% risk of failure)
Confirm with . or Enter, or press ? or * to list all spells.
Aiming: Throw Icicle (safe; 1% risk of failure)
Press: ? - help, Shift-Dir - straight line, f/p - basilisk
Aim: a basilisk (almost dead, encased in ice, umbra)
The shard of ice misses the basilisk.
The basilisk bites you.
* * * LOW HITPOINT WARNING * * *
The basilisk gazes at you. You resist with some effort.
You have turned to stone.
The basilisk gazes at you. You resist with some effort. The basilisk bites you!
* * * LOW HITPOINT WARNING * * *
The basilisk bites you.
* * * LOW HITPOINT WARNING * * *
The basilisk gazes at you. You resist with some effort.
Your iron imp misses the basilisk.
The rime drake bites the plant but does no damage.
The basilisk bites you but does no damage.
The rime drake bites the plant but does no damage.
Your iron imp closely misses the basilisk.
The basilisk bites you!
* * * LOW HITPOINT WARNING * * *
The rime drake completely misses the plant.
Your iron imp closely misses the basilisk.
The basilisk bites you!
You die...

#...............##
P................#### ####
................P##.#######..##
.................P.............
..........P.....P.............
#.....#..P...#...........P..
#...k.kkP5..#.............
##..##..#l.................
#P..##...#@..#............. ..
#...##...#..#../........P<. ..
##.5.#...#..#...........#.. ...
#....#...#..#.............. .$..
##..##......#..............
....####..##..PP..#...........#..
..........##....P................
...........P...D....... . .......
.......#...........#..# .... ...


You could see a basilisk, 2 rime drakes, a steam dragon (wandering) and a
friendly iron imp.

Vanquished Creatures
  Harold (Lair:1)
  3 hydras
  A centaur warrior (D:10)
  A deep elf mage (D:11)
  A cyclops (D:9)
  3 oklob plants (Lair:2)
  A black mamba (Lair:2)
  2 centaur skeletons
  2 spiny frogs (Lair:2)
  3 gargoyles (D:11)
  2 komodo dragons
  3 rime drakes (Lair:3)
  2 trolls
  A hornet (D:11)
  3 hippogriffs
  2 wyverns
  8 yaks (Lair:2)
  3 steam dragons
  A basilisk (Lair:2)
  5 swamp worms (Lair:1)
  An acid dragon (D:11)
  3 porcupines
  4 water moccasins
  2 sky beasts
  2 black bears
  3 ice beasts
  An orc warrior (D:8)
  3 phantoms
  8 ogres
  4 wolves (Lair:2)
  9 centaurs
  4 crocodiles
  7 big kobolds
  5 bullfrogs
  A gnoll sergeant (D:9)
  A scorpion (D:9)
  4 killer bees (D:9)
  6 wights
  A howler monkey (D:5)
  A crimson imp (D:9)
  A bullfrog zombie (D:8)
  3 orc priests
  3 jellies
  8 orc wizards
  3 quasits
  4 hounds
  2 iguanas
  Jessica (D:3)
  Ijyb (D:3)
  Natasha (D:3)
  4 worker ants
  A killer bee zombie (D:7)
  A hound skeleton (D:9)
  3 worker ant zombies
  Robin (D:3)
  7 gnolls
  6 adders
  2 shadow imps
  2 adder skeletons
  3 worms
  2 dart slugs
  29 orcs
  A ball python (D:2)
  3 giant cockroaches
  14 goblins
  4 hobgoblins
  4 jackals
  3 quokkas
  10 bats
  3 frilled lizards (D:1)
  46 kobolds
  A leopard gecko zombie (D:9)
  8 rats
303 creatures vanquished.

Vanquished Creatures (collateral kills)
  A hydra (Lair:2)
  A two-headed ogre (D:10)
  2 centaur skeletons
  Sigmund (D:4)
  2 yaks (Lair:2)
  2 swamp worms (Lair:1)
  The ghost of iamserjio the Magician, an amateur DEWz (D:3)
  A water moccasin (D:6)
  A sky beast (D:10)
  An eye of draining (D:7)
  An orc warrior (D:10)
  A necrophage (D:8)
  A centaur (D:2)
  3 bullfrogs
  A water moccasin skeleton (D:9)
  A wight (D:10)
  2 gnolls (D:2)
  An adder (D:9)
  2 jackals (D:8)
  A kobold (D:11)
27 creatures vanquished.

Vanquished Creatures (others)
  An orc wizard (D:7)
  An orc (D:9)
  4 fungi
  5 plants
11 creatures vanquished.

Grand Total: 341 creatures vanquished

Notes
Turn   | Place    | Note
-------+----------+-------------------------------------------
     0 | D:1      | Mgcat the Demonspawn Ice Elementalist began the quest for the Orb.
     0 | D:1      | Reached XP level 1. HP: 13/13 MP: 3/3
   324 | D:1      | Reached skill level 3 in Ice Magic
   339 | D:1      | Gained mutation: A weak demonic guardian rushes to your aid. [demonic ancestry]
   339 | D:1      | Reached XP level 2. HP: 19/19 MP: 5/5
   390 | D:1      | Learned a level 2 spell: Throw Frost
  1016 | D:2      | Noticed a centaur
  1026 | D:2      | HP: 2/19 [centaur/uncursed dagger (10)]
  1028 | D:2      | Killed a centaur
  1028 | D:2      | Reached skill level 3 in Spellcasting
  1028 | D:2      | Reached skill level 2 in Conjurations
  1028 | D:2      | Reached XP level 3. HP: 3/24 MP: 0/7
  1028 | D:2      | Gained mutation: You are surrounded by a mild repulsion field. (EV +2) [demonic ancestry]
  1028 | D:2      | Reached XP level 4. HP: 4/30 MP: 0/8
  1658 | D:2      | Noticed a centaur
  1665 | D:2      | Killed a centaur
  1665 | D:2      | Reached skill level 4 in Ice Magic
  1665 | D:2      | Gained mutation: You have a pair of small antennae on your head. [demonic ancestry]
  1665 | D:2      | Reached XP level 5. HP: 23/35 MP: 4/10
  1793 | D:2      | Learned a level 3 spell: Ozocubu's Armour
  1798 | D:2      | Learned a level 4 spell: Throw Icicle
  1825 | D:3      | Noticed Ijyb
  1892 | D:3      | Reached skill level 3 in Conjurations
  2217 | D:3      | Noticed iamserjio's ghost (amateur DEWz)
  2295 | D:3      | Killed iamserjio's ghost
  2295 | D:3      | Reached skill level 1 in Charms
  2295 | D:3      | Gained mutation: Your flesh is cold resistant. (rC+) [demonic ancestry]
  2295 | D:3      | Reached XP level 6. HP: 41/41 MP: 7/11
  2491 | D:3      | Noticed Robin
  2501 | D:3      | Killed Robin
  2629 | D:3      | Killed Ijyb
  2629 | D:3      | Reached skill level 4 in Spellcasting
  2870 | D:3      | Noticed Natasha
  2882 | D:3      | Noticed Jessica
  3284 | D:4      | Found a staircase to the Ecumenical Temple.
  3291 | Temple   | Entered the Ecumenical Temple
  3307 | Temple   | Became a worshipper of Sif Muna the Loreminder
  3440 | D:4      | Noticed Sigmund
  3448 | D:4      | Killed Sigmund
  3448 | D:4      | Reached skill level 4 in Conjurations
  3448 | D:4      | Reached skill level 2 in Charms
  3448 | D:4      | Gained mutation: You are surrounded by a moderate repulsion field. (EV +3) [demonic ancestry]
  3448 | D:4      | Reached XP level 7. HP: 44/46 MP: 4/13
  3703 | D:3      | Killed Natasha
  3768 | D:3      | Killed Jessica
  3843 | D:3      | Found a faded altar of an unknown god.
  3909 | D:5      | Entered Level 5 of the Dungeon
  3951 | D:5      | Learned a level 4 spell: Summon Ice Beast
  4296 | D:5      | Reached skill level 5 in Ice Magic
  4362 | D:5      | Found a glowing silver altar of Zin.
  4362 | D:5      | Noticed an angel
  4558 | D:6      | Reached * piety under Sif Muna
  4558 | D:6      | Reached skill level 1 in Summonings
  4736 | D:6      | Found an ornate altar of the Wu Jian Council.
  5037 | D:6      | Reached skill level 3 in Charms
  5388 | D:6      | Reached XP level 8. HP: 42/52 MP: 6/14
  5393 | D:6      | Reached skill level 2 in Summonings
  5635 | D:7      | Found a basalt altar of Yredelemnul.
  5702 | D:7      | Reached skill level 5 in Conjurations
  6004 | D:7      | Reached skill level 3 in Summonings
  6199 | D:7      | Found a hide-covered altar of Uskayaw.
  6265 | D:7      | Reached skill level 4 in Charms
  6268 | D:7      | Got a pitted short sword {antimagic}
  6270 | D:7      | Identified the +9 short sword "Qetueq" {antimagic, MP-9 Str+3 Int+5 Dex+2} (You took it off a kobold on level 7 of the Dungeon)
  6341 | D:7      | Reached ** piety under Sif Muna
  6371 | D:7      | Reached skill level 6 in Ice Magic
  6450 | D:7      | Found a bloodstained altar of Trog.
  6559 | D:7      | Found a sacrificial altar of Ru.
  6561 | D:7      | Noticed a troll
  6675 | D:7      | Killed a troll
  6754 | D:7      | Found a radiant altar of Vehumet.
  6757 | D:7      | Found a sparkling altar of Nemelex Xobeh.
  6943 | D:7      | Reached XP level 9. HP: 57/57 MP: 3/15
  7297 | D:8      | Reached skill level 6 in Conjurations
  7297 | D:8      | Reached skill level 4 in Summonings
  8055 | D:8      | Reached skill level 5 in Charms
  8719 | D:8      | Reached *** piety under Sif Muna
  8719 | D:8      | Reached skill level 5 in Summonings
  8965 | D:9      | Reached skill level 1 in Fighting
  8965 | D:9      | Reached skill level 7 in Ice Magic
  9033 | D:9      | Reached skill level 1 in Slings
  9093 | D:9      | Reached skill level 7 in Conjurations
  9144 | D:9      | Reached skill level 5 in Spellcasting
  9197 | D:9      | Reached skill level 2 in Fighting
  9292 | D:9      | Reached skill level 2 in Slings
  9365 | D:9      | Noticed a cyclops
  9383 | D:9      | Reached XP level 10. HP: 49/67 MP: 12/17
  9403 | D:9      | HP: 15/67 [something (13)]
  9433 | D:9      | Killed a cyclops
  9501 | D:9      | Reached skill level 3 in Fighting
  9746 | D:9      | Upgraded the game from 0.22-a0-398-g8bb545f to 0.22-a0-402-ga933591
  9771 | D:9      | Reached **** piety under Sif Muna
  9944 | D:9      | Reached skill level 3 in Slings
 10100 | D:9      | Found Nuocisodgh's Antique Weapon Emporium.
 10364 | D:10     | Entered Level 10 of the Dungeon
 10364 | D:10     | Found a staircase to the Orcish Mines.
 10364 | D:10     | Noticed a two-headed ogre
 10513 | D:10     | Found a basalt altar of Yredelemnul.
 10697 | D:10     | Reached skill level 1 in Shields
 11061 | D:10     | Reached skill level 4 in Fighting
 11061 | D:10     | Reached skill level 6 in Spellcasting
 11142 | D:10     | Noticed Erolcha
 11196 | D:10     | Noticed a centaur warrior
 11211 | D:10     | Killed a centaur warrior
 11211 | D:10     | Reached skill level 8 in Conjurations
 11211 | D:10     | Reached skill level 8 in Ice Magic
 11268 | D:10     | Killed a two-headed ogre
 11268 | D:10     | Reached skill level 4 in Slings
 11268 | D:10     | Reached skill level 2 in Shields
 11657 | D:10     | Gained mutation: You have a pair of antennae on your head. [demonic ancestry]
 11657 | D:10     | Reached XP level 11. HP: 64/78 MP: 0/20
 11960 | D:11     | Noticed a deep elf mage
 11977 | D:11     | Killed a deep elf mage
 12243 | D:11     | Reached skill level 5 in Fighting
 12263 | D:11     | Reached skill level 3 in Shields
 12324 | D:11     | Found a staircase to the Lair.
 12602 | D:11     | Reached ***** piety under Sif Muna
 12756 | D:11     | Received a gift from Sif Muna
 13033 | Lair:1   | Entered Level 1 of the Lair of Beasts
 13243 | Lair:1   | Noticed Harold
 13256 | Lair:1   | Killed Harold
 13256 | Lair:1   | Reached skill level 2 in Dodging
 13422 | Lair:1   | Noticed a five-headed hydra
 13429 | Lair:1   | Killed a five-headed hydra
 13429 | Lair:1   | Reached skill level 5 in Slings
 13576 | Lair:1   | Learned a level 5 spell: Metabolic Englaciation
 13596 | Lair:1   | Noticed a five-headed hydra
 13779 | Lair:1   | Reached skill level 1 in Evocations
 13933 | Lair:1   | Reached skill level 7 in Spellcasting
 13937 | Lair:1   | HP: 18/80 [swamp worm (7)]
 14166 | Lair:1   | Killed a five-headed hydra
 14166 | Lair:1   | Reached skill level 1 in Hexes
 14483 | Lair:2   | Reached skill level 4 in Shields
 14494 | Lair:2   | Reached skill level 9 in Conjurations
 14576 | Lair:2   | Reached skill level 2 in Evocations
 14576 | Lair:2   | Reached XP level 12. HP: 77/87 MP: 4/22
 14677 | Lair:2   | Reached skill level 3 in Dodging
 14704 | Lair:2   | Reached skill level 6 in Fighting
 14713 | Lair:2   | Reached skill level 2 in Hexes
 14728 | Lair:2   | Reached skill level 9 in Ice Magic
 14787 | Lair:2   | Noticed a six-headed hydra
 14798 | Lair:2   | Killed a six-headed hydra
 16258 | Lair:3   | Noticed a six-headed hydra
 16264 | Lair:3   | Killed a six-headed hydra
 16264 | Lair:3   | Reached skill level 3 in Evocations
 16472 | Lair:3   | HP: 8/89 [rime drake/flash freeze (18)]
 16479 | Lair:3   | HP: 19/89 [rime drake/flash freeze (4)]
 16484 | Lair:3   | HP: 11/89 [something/ball of steam (9)]
 16500 | Lair:3   | HP: 13/89 [basilisk (1)]
 16506 | Lair:3   | HP: 5/89 [basilisk (3)]
 16507 | Lair:3   | Slain by a basilisk

Vault maps used:
D:1:      dpeg_arrival_arbitrary_b
D:2:      first_ration, kennysheep_minor_cross, kennysheep_generic_room_13
D:3:      chequers_ecumenical_altar_twisty, uniq_ijyb, uniq_robin, uniq_natasha,
          uniq_jessica
D:4:      minmay_temple_entry_nine_rooms, uniq_sigmund
D:5:      zin_angel, serial_glass, glass_columns_c, glass_columns_a,
          glass_columns_a, glass_columns_a, glass_columns_b
D:6:      lemuel_crystal_altar, kennysheep_big_empty_room
D:7:      minmay_overflow_temple_star_quad, lemuel_crystal_altar, basic_altar,
          eino_tiny_chamber, trog_eyes_of_draining
D:9:      cheibrodos_barr_body, serial_shops, shop
D:10:     orc_0_dummy, basic_altar, grunt_ogre_cave, uniq_erolcha
D:11:     david_lair_shrubbed, minmay_misc_feat_hallway, grunt_ministairs_10
Temple:   regret_index_temple_sphere_string
Lair:1:   worms_lemuel, uniq_harold
Lair:2:   dpeg_oklob_gauntlet, infiniplex_staircase_pool
Lair:3:   dummy_snake_entry, bobbens_dragon_lair_wall, serial_bayou_shore_a

Skill      XL: |  1  2  3  4  5  6  7  8  9 10 11 12 |
---------------+-------------------------------------+-----
Ice Magic      | 3 4 5 6 7 8 9 |  9.2
Spellcasting   | 3 4 5 6 7 |  7.6
Conjurations   | 2 3 4 5 7 8 9 |  9.3
Charms         | 1 2 3 4 5 |  5.0
Summonings     | 1 3 5 |  5.0
Fighting       | 2 4 5 6 |  6.4
Slings         | 2 4 5 |  5.9
Shields        | 2 4 |  4.0
Dodging        | 2 3 |  3.6
Evocations     | 2 3 |  3.2
Hexes          | 1 2 |  2.9
Stealth        | |  1.7

Action                   |  1- 3 |  4- 6 |  7- 9 | 10-12 || total
-------------------------+-------+-------+-------+-------++-------
Melee: Short sword       |       |       |    16 |     4 ||    20
 Fire: Hunting sling     |    52 |    84 |   198 |   178 ||   512
       Fustibalus        |       |       |       |    99 ||    99
 Cast: Freeze            |    14 |    46 |   199 |   246 ||   505
       Throw Frost       |     5 |    27 |    32 |   123 ||   187
       Ozocubu's Armour  |       |     2 |    33 |    38 ||    73
       Summon Ice Beast  |       |       |     2 |    20 ||    22
       Throw Icicle      |       |       |    19 |    88 ||   107
  Use: Scroll            |       |    12 |     9 |    13 ||    34
       Potion            |       |       |       |     8 ||     8
 Stab: Sleeping          |       |       |     1 |       ||     1
  Eat: Chunk             |     1 |     8 |    23 |    24 ||    56
       Ration            |       |       |       |     3 ||     3
Armor: Robe              |     7 |     9 |    45 |    75 ||   136
       Troll leather arm |       |       |    21 |    16 ||    37
Dodge: Dodged            |    11 |    27 |   227 |   278 ||   543
       Deflected         |     1 |     2 |    16 |    34 ||    53
Block: Buckler           |       |       |       |    49 ||    49

Table legend:
 A = Spawn XP
 B = Non-spawn XP
 C = Spawn XP percentage of total XP
 D = Spawn monster count
 E = Non-spawn monster count
 F = Spawn count percentage of total count
 G = Total turns spent on level
                    A         B        C        D         E        F      G
               +---------+---------+-------+---------+---------+-------+---------
         Total |       0 |   28897 |   0.0 |       0 |     331 |   0.0 | 16507
               +---------+---------+-------+---------+---------+-------+---------
           D:1 |       0 |      24 |   0.0 |       0 |      17 |   0.0 |  1067
           D:2 |       0 |     263 |   0.0 |       0 |      19 |   0.0 |   800
           D:3 |       0 |     369 |   0.0 |       0 |      34 |   0.0 |  1405
           D:4 |       0 |     298 |   0.0 |       0 |       9 |   0.0 |   604
           D:5 |       0 |     217 |   0.0 |       0 |       5 |   0.0 |   583
           D:6 |       0 |     493 |   0.0 |       0 |      13 |   0.0 |  1139
           D:7 |       0 |    1205 |   0.0 |       0 |      28 |   0.0 |  1643
           D:8 |       0 |    1382 |   0.0 |       0 |      41 |   0.0 |  1772
           D:9 |       0 |    3363 |   0.0 |       0 |      45 |   0.0 |  1372
          D:10 |       0 |    3542 |   0.0 |       0 |      28 |   0.0 |  1294
          D:11 |       0 |    4230 |   0.0 |       0 |      41 |   0.0 |  1321
        Lair:1 |       0 |    4630 |   0.0 |       0 |      14 |   0.0 |  1585
        Lair:2 |       0 |    6279 |   0.0 |       0 |      26 |   0.0 |  1640
        Lair:3 |       0 |    2602 |   0.0 |       0 |      11 |   0.0 |   249
               +---------+---------+-------+---------+---------+-------+---------

Vault maps used:
D:1:      dpeg_arrival_arbitrary_b
D:2:      first_ration, kennysheep_minor_cross, kennysheep_generic_room_13
D:3:      chequers_ecumenical_altar_twisty, uniq_ijyb, uniq_robin, uniq_natasha,
          uniq_jessica
D:4:      minmay_temple_entry_nine_rooms, uniq_sigmund
D:5:      zin_angel, serial_glass, glass_columns_c, glass_columns_a,
          glass_columns_a, glass_columns_a, glass_columns_b
D:6:      lemuel_crystal_altar, kennysheep_big_empty_room
D:7:      minmay_overflow_temple_star_quad, lemuel_crystal_altar, basic_altar,
          eino_tiny_chamber, trog_eyes_of_draining
D:9:      cheibrodos_barr_body, serial_shops, shop
D:10:     orc_0_dummy, basic_altar, grunt_ogre_cave, uniq_erolcha
D:11:     david_lair_shrubbed, minmay_misc_feat_hallway, grunt_ministairs_10
Temple:   regret_index_temple_sphere_string
Lair:1:   worms_lemuel, uniq_harold
Lair:2:   dpeg_oklob_gauntlet, infiniplex_staircase_pool
Lair:3:   dummy_snake_entry, bobbens_dragon_lair_wall, serial_bayou_shore_a

Table legend:
 A = Turns spent in this place as a percentage of turns spent in the entire game.
 B = Non-inter-level travel turns spent in this place as a percentage of non-inter-level travel turns spent in the entire game.
 C = Inter-level travel turns spent in this place as a percentage of turns spent in this place.
 D = Turns resting spent in this place as a percentage of non-inter-level travel turns spent in this place.
 E = Turns spent auto-exploring this place as a percentage of non-inter-level travel turns spent in this place.
 F = Non-inter-level travel turns spent in this place divided by the number of levels of this place that you've seen.
                   A       B       C       D       E      F
               +-------+-------+-------+-------+-------+----------------------
         Total | 100.0 | 100.0 |   4.6 |   5.1 |  74.8 | 1050.1
       Dungeon |  78.8 |  78.2 |   5.2 |   1.1 |  79.0 | 1120.0
        Temple |   0.2 |   0.1 |  63.6 |   0.0 |  75.0 |  12.0
          Lair |  21.0 |  21.7 |   1.6 |  19.6 |  59.4 | 1139.7
               +-------+-------+-------+-------+-------+----------------------

Table legend:
 A = Kills in this place as a percentage of kills in entire the game.
 B = Kills by you in this place as a percentage of kills by you in the entire game.
 C = Kills by friends in this place as a percentage of kills by friends in the entire game.
 D = Other kills in this place as a percentage of other kills in the entire game.
 E = Experience gained in this place as a percentage of experience gained in the entire game.
 F = Experience gained in this place divided by the number of levels of this place that you have seen.
                   A       B       C       D       E      F
               +-------+-------+-------+-------+-------+----------------------
         Total | 100.0 | 100.0 | 100.0 | 100.0 | 100.0 | 1926.5
       Dungeon |  84.6 |  84.8 |  81.5 | 100.0 |  53.2 | 1398.7
          Lair |  15.4 |  15.2 |  18.5 |   0.0 |  46.8 | 4503.7
               +-------+-------+-------+-------+-------+----------------------
